 Dungeon Crawl Stone Soup version 0.31.0-1-g2c135a008e (webtiles) character file.

Game seed: 17995856666663743886

61 qw the Shooter (level 4, -2/35 HPs)
             Began as a Djinni Hunter on Jan 24, 2024.
             Slain by a gnoll bouda
             ... wielding a +0 whip
              (4 damage)
             ... on level 2 of the Dungeon.
             The game lasted 00:00:06 (919 turns).

qw the Shooter (Djinni Hunter)                       Turns: 919, Time: 00:00:06

Health: -2/35      AC:  6    Str: 16    XL:     4   Next: 27%
Gold:   56         EV: 11    Int: 10    God:
                   SH:  0    Dex: 19

rFire   + + .        a - +0 shortbow
rCold   . . .        (shield currently unavailable)
rNeg    . . .        h - +1 ring mail {rC+}
rPois   inf          (no helmet)
rElec   .            (no cloak)
rCorr   .            (no gloves)
SInv    .            (boots unavailable)
Will    .....        (no amulet)
Stlth   +            j - +6 ring of strength
HPRegen 0.25/turn    (no ring)
MPRegen 0.00/turn

%: infuse magic (-3 HP)
@: weakened, flying
A: sickness immunity, fire resistance 2, cold vulnerability 1, float, innate
caster, HP casting, extra vitality 1
a: no special abilities


You were on level 2 of the Dungeon.
You visited 1 branch of the dungeon, and saw 2 of its levels.

You collected 56 gold pieces.


Innate Abilities, Weirdness & Mutations

You are immune to sickness and miasma.
You are immune to poison.
Your flesh is very heat resistant. (rF++)
You are vulnerable to cold. (rC-)
You float through the air rather than walking.
You learn spells naturally, not from books.
Your magical power is your life essence.
You have superior vitality. (+4 MHP)


   Skills:
 - Level 3.0 Fighting
 - Level 4.0 Ranged Weapons
 - Level 1.0 Armour
 + Level 2.1 Dodging
 - Level 0.7 Stealth


You knew the following spells:

 Your Spells              Type           Power      Damage    Failure   Level
a - Kiss of Death         Conj/Necr      0%         2d5       58%         1
Your spell library was empty.

Inventory:

Hand Weapons
 a - a +0 shortbow (weapon)
Armour
 h - a +1 ring mail of cold resistance (worn)
Jewellery
 j - a +6 ring of strength (left hand)
Scrolls
 c - 2 scrolls of identify
 g - a scroll of fog {unknown}
Potions
 b - 2 potions of heal wounds {unknown}
 d - 3 potions of curing
 e - 2 potions of lignification {unknown}
 f - 2 potions of mutation {unknown}

Dungeon Overview and Level Annotations

Branches:
Dungeon (2/15)

Altars:


Message History

A gnoll comes into view. It is wielding a +0 flail.
The gnoll bouda misses you.
Enter note:
Enter note: You shoot an arrow.
The arrow hits the gnoll bouda but does no damage.
The gnoll bouda is moderately wounded.
A gnoll comes into view. It is wielding a +0 flail.
The gnoll bouda hits you but does no damage.
You shoot an arrow.
The arrow barely misses the gnoll bouda.
The arrow completely misses the gnoll.
The arrow hits the gnoll.
The gnoll is lightly wounded.
The gnoll closely misses you.
The gnoll bouda hits you with a +0 whip!
The gnoll hits you from afar with a +0 halberd!
You shoot an arrow.
The arrow completely misses the gnoll bouda.
The arrow hits the gnoll.
The gnoll is heavily wounded.
The gnoll bouda closely misses you. The gnoll barely misses you.
The gnoll bouda completely misses you.
You shoot an arrow. The arrow hits the gnoll bouda.
The gnoll bouda is heavily wounded.
The gnoll closely misses you. The gnoll bouda barely misses you.
You shoot an arrow. The arrow hits the gnoll bouda.
The gnoll bouda is severely wounded.
The gnoll is no longer moving quickly.
The gnoll hits you from afar with a +0 halberd!
The gnoll bouda hits you with a +0 whip.
The gnoll barely misses you.
You shoot an arrow.
The arrow closely misses the gnoll bouda.
The arrow hits the gnoll!
You kill the gnoll!
Your attacks no longer feel as feeble.
The gnoll bouda gazes fiercely through you!
You feel your attacks grow feeble.
The gnoll bouda hits you with a +0 whip.
You die...

#.# #..........# # #.#
#..........# #.##
####..#..### #..####
#.###..# ##..g.# ###.#
##.#### ####.# ##...#
#[...### #.# #..###
####...### #.# #)## ###....
#.# #@# ##### #.## #g# #..#
#)# ######.###g#
#.....)..#g########
#........#.##.....#########
#..........................
#........##.........#######
#......%..[......>..#


You could see a gnoll bouda and 2 gnolls.

Vanquished Creatures
  3 gnolls (D:2)
  2 dart slugs (D:1)
  3 ball pythons (D:1)
  8 bats
  3 endoplasms (D:2)
  2 giant cockroaches (D:1)
  3 goblins (D:2)
  4 hobgoblins
  A quokka (D:1)
  A frilled lizard (D:2)
  3 kobolds
  3 rats
36 creatures vanquished.

Notes
Turn   | Place    | Note
-------+----------+-------------------------------------------
     0 | D:1      | qw the Djinni Hunter began the quest for the Orb.
     0 | D:1      | Reached XP level 1. HP: 18/18 MP: 0/0
     0 | D:1      | 0 ||| qw: Version: 0.3-a-136-gdd3b4e8
     0 | D:1      | 0 ||| qw: Game counter: 1419
     0 | D:1      | 0 ||| qw: Melee chars always use a shield: true
     0 | D:1      | 0 ||| qw: God list: Okawaru
     0 | D:1      | 0 ||| qw: Allow faded altars: false
     0 | D:1      | 0 ||| qw: Do Orc after clearing Dungeon:15 true
     0 | D:1      | 0 ||| qw: Do second Lair branch before Depths: true
     0 | D:1      | 0 ||| qw: Lair rune preference: random
     0 | D:1      | 0 ||| qw: Goals: Normal
     0 | D:1      | 0 ||| PLANNING D:1-11
    81 | D:1      | Reached XP level 2. HP: 23/23 MP: 0/0
   270 | D:1      | Reached XP level 3. HP: 28/28 MP: 0/0
   270 | D:1      | Learned a level 1 spell: Kiss of Death
   307 | D:1      | Reached skill level 4 in Ranged Weapons
   416 | D:1      | 416 ||| UPGRADING to +1 ring mail of cold resistance.
   426 | D:1      | 426 ||| DROPPING +0 leather armour.
   427 | D:1      | 427 ||| UPGRADING to +6 ring of strength.
   428 | D:1      | 428 ||| READING scroll labelled IGIGHO JUME.
   429 | D:1      | 429 ||| READING scroll labelled IHARHO ZAOTHRE.
   430 | D:1      | 430 ||| READING scroll labelled IWOVILL LULET.
   431 | D:1      | 431 ||| READING scroll labelled ERICRU NUOBB.
   431 | D:1      | 431 ||| IDENTIFYING 2 fizzy green potions
   432 | D:1      | 432 ||| DROPPING scroll of butterflies.
   560 | D:2      | Reached skill level 1 in Armour
   614 | D:2      | 614 ||| FLEEEEING.
   615 | D:2      | 615 ||| FLEEEEING.
   617 | D:2      | 617 ||| FLEEEEING.
   618 | D:2      | 618 ||| FLEEEEING.
   619 | D:2      | 619 ||| FLEEEEING.
   620 | D:2      | 620 ||| FLEEEEING.
   621 | D:2      | 621 ||| FLEEEEING.
   622 | D:2      | 622 ||| FLEEEEING.
   623 | D:2      | 623 ||| FLEEEEING.
   624 | D:2      | 624 ||| FLEEEEING.
   625 | D:2      | 625 ||| FLEEEEING.
   626 | D:2      | 626 ||| FLEEEEING.
   627 | D:2      | 627 ||| FLEEEEING.
   628 | D:2      | 628 ||| FLEEEEING.
   629 | D:2      | 629 ||| FLEEEEING.
   630 | D:2      | 630 ||| FLEEEEING.
   631 | D:2      | 631 ||| FLEEEEING.
   632 | D:2      | 632 ||| FLEEEEING.
   633 | D:2      | 633 ||| FLEEEEING.
   634 | D:2      | 634 ||| FLEEEEING.
   635 | D:2      | 635 ||| FLEEEEING.
   636 | D:2      | 636 ||| FLEEEEING.
   645 | D:2      | Reached XP level 4. HP: 34/34 MP: 0/0
   776 | D:2      | Reached skill level 3 in Fighting
   918 | D:2      | HP: 8/35 [gnoll/+0 halberd[a gnoll bouda] (7)]
   918 | D:2      | HP: 2/35 [gnoll bouda/+0 whip (6)]
   919 | D:2      | Slain by a gnoll bouda

Levels and vault maps discovered:
D:1:      spicycebolla_arrival_xxxplode, layout_rooms
D:2:      layout_rooms

Skill      XL: |  1  2  3  4 |
---------------+-------------+-----
Ranged Weapons | 4 |  4.0
Armour         | 1 |  1.0
Fighting       | 3 |  3.0
Dodging        | |  2.1
Stealth        | |  0.7

Action                     |  1- 3 |  4- 6 || total
---------------------------+-------+-------++-------
   Fire: Shortbow          |    73 |    26 ||    99
    Use: Scroll            |     4 |       ||     4
 Armour: Leather armour    |     4 |       ||     4
         Ring mail         |     4 |    11 ||    15
  Dodge: Dodged            |    17 |    15 ||    32

Table legend:
 A = Non-vault XP
 B = Vault XP
 C = Vault XP percentage of total XP
 D = Non-vault monster count
 E = Vault monster count
 F = Vault count percentage of total count
                 A         B        C        D         E       F
            +---------+---------+-------+---------+---------+-------
      Total |     102 |       0 |   0.0 |      36 |       0 |   0.0
            +---------+---------+-------+---------+---------+-------
        D:1 |      30 |       0 |   0.0 |      15 |       0 |   0.0
        D:2 |      72 |       0 |   0.0 |      21 |       0 |   0.0
            +---------+---------+-------+---------+---------+-------
